Map: [TLMC15] Berlingrad

Players

DRG - Winner!

  • Race: Zerg Zerg
  • League: Master

Solar

  • Race: Zerg Zerg
  • League: Master

Event: StayAtHome Story Cup #4

VOD

Have the link to the VOD?

Description

Time

  • Played on: Oct. 24, 2021, 8:38 a.m.
  • Length: 13:31

All games in this series

Show
View Real Time Build Order
Export as new Build Order

DRG Zerg - Winner!

Build Orders: Pool First 

Get SALT Encoding   

  12  0:17  Spawning Pool  
  11  0:22  Drone  
  11  0:26  Drone  
  13  0:30  Drone  
  14  0:39  Overlord  
  14  1:04  Zergling x4  
  16  1:05  Zergling x2  
  17  1:15  Zergling x2  
  18  1:23  Hatchery  
  17  1:26  Zergling x2  
  18  1:40  Drone, Queen  
  21  1:49  Overlord  
  21  1:59  Drone  
  22  2:10  Drone  
  22  2:13  Extractor  
  22  2:16  Queen  
  22  2:20  Drone  
  25  2:31  Drone  
  25  2:35  Drone  
  27  2:41  Drone  
  28  2:47  Drone  
  28  2:49  Drone x3  
  32  2:55  Overlord  
  32  2:58  Drone  
  33  3:06  Overlord  
  33  3:09  Drone  
  34  3:18  Drone x2  
  34  3:19  Metabolic Boost  
  36  3:21  Drone x3  
  36  3:23  Drone  
  36  3:24  Drone  
  40  3:27  Drone  
  40  3:29  Drone  
  40  3:32  Drone  
  43  3:39  Drone  
  44  3:43  Baneling Nest  
  44  3:44  Drone  
  44  3:55  Hatchery  
  43  3:58  Drone x4  
  47  4:02  Queen  
  47  4:07  Overlord  
  47  4:09  Zergling x2  
  50  4:13  Zergling x4  
  50  4:15  Extractor  
  51  4:18  Roach Warren  
  51  4:20  Zergling x4  
  52  4:26  Zergling x6  
  54  4:32  Zergling x2  
  54  4:34  Zergling x2  
  54  4:40  Zergling x2  
  54  4:44  Zergling x6  
  57  4:52  Baneling  
  56  4:53  Zergling x2  
  56  4:54  Overlord  
  56  4:56  Overlord  
  57  5:07  Queen  
  57  5:08  Overlord  
  57  5:10  Roach x2  
  55  5:23  Roach  
  55  5:26  Roach x5  
  66  5:28  Roach  
  66  5:32  Roach  
  67  5:38  Roach x3  
  67  5:39  Roach  
  67  5:40  Roach  
  76  5:46  Roach x3  
  76  5:49  Roach  
  83  5:52  Overlord, Roach  
  85  6:03  Overlord  
  85  6:05  Zergling x4  
  85  6:11  Zergling x8  
  91  6:13  Zergling x2  
  91  6:16  Zergling x12  
  98  6:19  Overlord  
  99  6:25  Zergling x4  
  99  6:27  Ravager x2  
  99  6:28  Zergling x2  
  103  6:35  Zergling x4  
  103  6:38  Lair  
  105  6:42  Zergling x2  
  92  6:55  Zergling x22  
  92  6:58  Roach  
  89  7:05  Evolution Chamber  
  89  7:07  Roach  
  89  7:08  Roach  
  89  7:13  Roach  
  89  7:14  Roach x3  
  95  7:17  Roach  
  95  7:22  Drone x2  
  99  7:23  Overlord  
  99  7:28  Drone x3  
  102  7:31  Overlord  
  102  7:34  Zerg Missile Weapons Level 1  
  102  7:36  Overlord, Extractor  
  101  7:43  Drone x3  
  101  7:44  Drone  
  104  7:51  Glial Reconstitution  
  104  7:56  Drone x7  
  111  7:59  Overlord  
  111  8:02  Drone x2  
  111  8:05  Drone  
  112  8:07  Spore Crawler  
  112  8:08  Spore Crawler  
  112  8:11  Spore Crawler  
  110  8:12  Drone  
  110  8:13  Drone  
  110  8:17  Queen  
  113  8:21  Queen  
  113  8:27  Roach x3  
  121  8:28  Drone  
  121  8:31  Overlord  
  121  8:34  Queen  
  122  8:39  Drone x4  
  128  8:41  Overlord  
  128  8:45  Extractor  
  128  8:47  Roach  
  128  8:48  Overlord x2  
  129  8:54  Overlord, Queen  
  129  8:59  Overlord  
  129  9:02  Queen  
  129  9:07  Roach x3  
  137  9:11  Roach x2  
  137  9:16  Roach x3  
  143  9:27  Zerg Missile Weapons Level 2  
  143  9:28  Roach  
  143  9:29  Roach x3  
  150  9:35  Extractor  
  150  9:36  Roach  
  150  9:37  Roach x3  
  157  9:41  Roach x2  
  157  9:42  Extractor  
  160  9:46  Roach x2  
  160  9:52  Roach x2  
  168  9:57  Overlord x3  
  168  10:05  Overlord  
  168  10:06  Overlord  
  166  10:11  Overlord, Extractor  
  166  10:12  Tunneling Claws  
  166  10:13  Burrow  
  165  10:17  Roach x2  
  169  10:24  Roach x3  
  175  10:29  Roach  
  175  10:30  Roach x2  
  175  10:34  Roach x2  
  185  10:39  Roach x2  
  188  10:44  Roach  
  188  10:45  Evolution Chamber  
  188  10:48  Roach x2  
  192  10:53  Roach x2  
  192  10:56  Ravager  
  194  10:57  Ravager  
  194  11:01  Roach x3  
  200  11:10  Zerg Ground Armor Level 1  
  200  11:22  Hatchery  
  195  11:32  Roach x2  
  199  11:35  Ravager  
  200  11:40  Infestation Pit  
  200  11:44  Roach x6  
  200  11:45  Roach x2  
  199  11:48  Roach x2  
  199  11:51  Roach x5  
  197  12:15  Roach  
  197  12:16  Roach  
  197  12:18  Roach x4  
  197  12:19  Roach x4  
  189  12:24  Roach  
  189  12:25  Roach x10  
  189  12:29  Roach x11  
  182  12:33  Roach  
  159  12:40  Roach x2  
  153  12:53  Drone x3, Roach  
  153  12:54  Roach x2  
  151  13:03  Ravager x6  
Show
View Real Time Build Order
Export as new Build Order

Solar Zerg 

Build Orders: Pool First 

Get SALT Encoding   

  12  0:17  Spawning Pool  
  11  0:22  Drone  
  11  0:27  Drone  
  13  0:31  Drone  
  14  0:39  Overlord  
  14  1:03  Zergling x4  
  16  1:05  Zergling x2  
  17  1:16  Zergling x2  
  17  1:18  Hatchery  
  17  1:27  Zergling x2  
  18  1:35  Queen  
  18  1:38  Zergling x2  
  21  1:48  Overlord  
  21  1:59  Drone  
  22  2:10  Drone  
  22  2:11  Queen  
  25  2:18  Spine Crawler  
  25  2:20  Drone  
  25  2:30  Queen  
  25  2:32  Drone  
  25  2:36  Drone  
  29  2:42  Drone  
  31  2:44  Drone  
  31  2:45  Overlord  
  31  2:49  Extractor  
  31  2:50  Drone  
  32  2:54  Drone  
  33  2:59  Drone  
  33  3:01  Drone  
  33  3:03  Drone  
  36  3:11  Drone  
  37  3:15  Overlord  
  37  3:19  Drone x3  
  40  3:20  Drone  
  40  3:24  Drone  
  42  3:30  Drone  
  43  3:37  Drone  
  43  3:38  Drone x2  
  45  3:44  Drone  
  45  3:45  Overlord  
  46  3:48  Drone  
  46  3:51  Evolution Chamber  
  46  3:52  Drone x2  
  46  3:53  Drone  
  49  3:58  Lair  
  49  3:59  Drone  
  50  4:07  Roach Warren  
  50  4:09  Extractor  
  48  4:10  Drone x2, Extractor  
  48  4:12  Drone  
  48  4:14  Drone  
  48  4:16  Drone  
  52  4:19  Drone  
  52  4:21  Overlord  
  53  4:25  Drone  
  54  4:32  Hatchery  
  54  4:35  Zerg Missile Weapons Level 1  
  54  4:37  Drone  
  54  4:41  Overlord  
  54  4:48  Roach x2  
  54  4:49  Roach  
  55  4:53  Roach  
  55  4:55  Roach  
  55  4:57  Extractor  
  59  5:01  Evolution Chamber  
  59  5:03  Overlord, Evolution Chamber  
  60  5:07  Roach x3  
  60  5:12  Overlord  
  65  5:15  Roach  
  65  5:16  Roach x2  
  65  5:20  Queen  
  65  5:24  Roach x2  
  65  5:26  Roach  
  68  5:31  Drone x2  
  68  5:35  Drone  
  71  5:36  Drone x2  
  71  5:37  Drone  
  71  5:41  Glial Reconstitution  
  74  5:44  Drone  
  75  5:54  Hatchery, Overseer  
  74  5:59  Drone  
  74  6:03  Overlord x2  
  75  6:10  Spire  
  74  6:12  Drone  
  74  6:14  Drone  
  74  6:16  Roach  
  74  6:18  Roach  
  80  6:23  Spine Crawler  
  79  6:26  Roach x2  
  79  6:31  Overlord  
  79  6:32  Roach  
  85  6:36  Spine Crawler  
  85  6:37  Roach x2  
  88  6:40  Roach x2  
  88  6:43  Roach  
  88  6:44  Evolution Chamber  
  88  6:46  Roach  
  91  6:49  Roach  
  91  6:53  Roach  
  82  6:56  Spine Crawler  
  82  7:00  Roach x2  
  70  7:09  Drone x2  
  72  7:16  Drone x2  
  74  7:23  Mutalisk x3  
  74  7:28  Mutalisk  
  82  7:31  Roach  
  82  7:36  Drone x3  
  87  7:42  Mutalisk  
  87  7:43  Mutalisk  
  91  7:55  Hatchery  
  91  7:56  Drone  
  91  7:59  Drone  
  91  8:03  Drone  
  93  8:05  Zerg Missile Weapons Level 2  
  93  8:08  Drone  
  93  8:09  Drone  
  95  8:15  Zerg Ground Armor Level 1  
  95  8:17  Drone  
  95  8:18  Drone  
  97  8:21  Drone  
  97  8:22  Drone  
  97  8:24  Drone  
  100  8:29  Overlord  
  100  8:31  Drone  
  100  8:33  Drone  
  102  8:36  Drone  
  102  8:38  Roach  
  102  8:40  Drone  
  106  8:42  Overlord  
  106  8:48  Roach  
  106  8:49  Roach  
  106  8:51  Roach  
  106  8:54  Roach  
  114  8:58  Roach  
  114  9:02  Roach x2  
  120  9:04  Overlord  
  120  9:08  Roach  
  120  9:09  Ravager x3  
  125  9:12  Overlord  
  125  9:14  Roach  
  127  9:17  Roach  
  127  9:23  Ravager  
  130  9:24  Drone, Extractor  
  130  9:26  Roach x4  
  130  9:29  Overlord  
  138  9:31  Overlord  
  138  9:34  Roach  
  140  9:38  Drone x2  
  140  9:39  Drone  
  140  9:40  Overlord  
  140  9:43  Ravager  
  140  9:44  Roach  
  146  9:46  Overlord  
  146  9:48  Roach  
  146  9:50  Queen  
  150  9:53  Roach  
  150  9:58  Roach x3  
  158  10:00  Ravager x2  
  158  10:02  Roach  
  158  10:03  Roach  
  158  10:05  Drone  
  158  10:07  Drone  
  166  10:09  Ravager  
  166  10:12  Roach x2  
  166  10:13  Roach  
  173  10:14  Overlord  
  173  10:20  Roach x2  
  177  10:27  Hatchery  
  177  10:28  Drone  
  177  10:34  Tunneling Claws, Extractor  
  177  10:35  Burrow  
  176  10:36  Drone x3  
  176  10:38  Drone  
  180  10:52  Zerg Ground Armor Level 2  
  180  10:53  Roach x3  
  186  10:58  Overlord  
  186  11:12  Overlord  
  186  11:18  Roach x4  
  194  11:25  Roach x2  
  194  11:33  Roach x3  
  194  11:36  Pneumatized Carapace  
  198  11:41  Roach  
  198  11:46  Overseer  
  200  11:55  Overseer x2  
  200  11:56  Spine Crawler  
  200  11:57  Roach x4, Spine Crawler  
  200  11:58  Roach x4  
  200  11:59  Roach x2, Spine Crawler  
  197  12:02  Overseer  
  197  12:05  Spine Crawler  
  197  12:06  Extractor  
  193  12:11  Drone x4  
  193  12:15  Roach x8  
  199  12:19  Queen  
  199  12:20  Roach  
  199  12:21  Roach x3  
  194  12:22  Roach  
  194  12:23  Roach x5  
  194  12:26  Roach  
  194  12:29  Roach  
  162  12:32  Roach  
  147  12:45  Roach x3  
  144  12:52  Roach  
  144  12:55  Roach  
  143  12:59  Ravager x2  
  143  13:03  Roach, Ravager  
  148  13:06  Ravager  
  148  13:07  Roach  
  148  13:11  Roach  
  154  13:13  Ravager  
Tags
 
Add a new tag
Caveats
  • Supply blocks, unpowered buildings, or Contaminate may cause inaccurate times.
  • Supply counts are checked every 10 seconds.